 Dungeon Crawl Stone Soup version 0.32-a0-701-g6677626 (webtiles) character file.

Game seed: 13712849837042421663

133737 Toastz the Bludgeoner (level 17, -2/196 HPs)
             Began as an Oni Gladiator on Mar 13, 2024.
             Was the Champion of Makhleb.
             Slain by a bunyip (23 damage)
             ... on level 3 of the Swamp.
             The game lasted 01:02:51 (25841 turns).

Toastz the Bludgeoner (Oni Gladiator)              Turns: 25841, Time: 01:02:52

Health: -2/196     AC: 22    Str: 34    XL:     17   Next: 15%
Magic:  24/24      EV: 10    Int:  9    God:    Makhleb [******]
Gold:   2820       SH:  0    Dex: 10    Spells: 16/16 levels left

rFire   + + .        b - +5 giant spiked club (venom)
rCold   x . .        (shield currently unavailable)
rNeg    . . .        G - +0 fire dragon scales
rPois   .            s - +2 hat
rElec   .            F - +2 cloak
rCorr   .            (gloves unavailable)
SInv    .            (boots unavailable)
Will    +....        q - amulet of regeneration Stlth
                     p - +4 ring of protection
HPRegen 1.32/turn    z - +6 ring of strength
MPRegen 0.19/turn

%: no passive effects
@: no status effects
A: large, unfitting armour, horns 1, tough skin 1, double potion healing,
drunken brawling
a: Renounce Religion, Minor Destruction, Lesser Servant of Makhleb, Major
Destruction, Greater Servant of Makhleb


You were on level 3 of the Swamp.
You worshipped Makhleb.
Makhleb was exalted by your worship.
You visited 5 branches of the dungeon, and saw 26 of its levels.
You also visited: Volcano.

You collected 3277 gold pieces.
You spent 457 gold pieces at shops.

Inventory:

Hand Weapons
 a - a +3 heavy great mace
 b - a +5 giant spiked club of venom (weapon)
Missiles
 d - 8 throwing nets
 H - 5 atropa-tipped darts
 J - 17 boomerangs (quivered)
 L - 30 large rocks
 N - 4 javelins
 V - 8 datura-tipped darts
Armour
 s - a +2 hat (worn)
 F - a +2 cloak (worn)
 G - +0 fire dragon scales (worn)
 M - +0 swamp dragon scales
Jewellery
 p - a +4 ring of protection (left hand)
 q - an amulet of regeneration (around neck)
 t - an amulet of reflection
 z - a +6 ring of strength (right hand)
 C - a ring of see invisible
 E - a ring of protection from cold
 X - a ring of fire
Wands
 y - a wand of paralysis (18)
 A - a wand of digging (5)
 I - a wand of light (22)
 P - a wand of roots (6)
 S - a wand of polymorph (14)
Scrolls
 f - 5 scrolls of fear
 g - a scroll of silence
 h - 4 scrolls of enchant armour
 i - 2 scrolls of butterflies
 k - 4 scrolls of immolation
 n - 4 scrolls of blinking
 r - 3 scrolls of teleportation
 u - 3 scrolls of torment
 v - a scroll of poison
 B - a scroll of identify
 D - 5 scrolls of fog
 R - 2 scrolls of revelation
 Y - a scroll of vulnerability
 Z - 2 scrolls of noise
Potions
 c - 5 potions of heal wounds
 e - 3 potions of brilliance
 j - 3 potions of might
 l - 18 potions of curing
 m - a potion of berserk rage
 o - a potion of magic
 w - 3 potions of haste
 x - 5 potions of enlightenment
 K - 2 potions of lignification
 O - 3 potions of resistance
 Q - 2 potions of cancellation
 T - 3 potions of mutation
 U - 7 potions of ambrosia
 W - 4 potions of attraction


   Skills:
 + Level 18.7 Fighting
 * Level 20.3 Maces & Flails
 - Level 2.0 Throwing
 + Level 11.8 Armour
 + Level 9.2 Dodging
 - Level 10.0 Invocations


You had 16 spell levels left.
You didn't know any spells.
Your spell library contained the following spells:

 Spells                   Type           Power      Damage    Failure   Level
 Freeze                   Ice            0%         1d3       58%         1
 Necrotise                Necr           0%         1d4       58%         1
 Blink                    Tloc           0%         N/A       75%         2
 Jinxbite                 Hex            0%         N/A       75%         2
 Lesser Beckoning         Tloc           0%         N/A       75%         2
 Momentum Strike          Conj/Tloc      0%         3d8       75%         2
 Confusing Touch          Hex            0%         N/A       92%         3
 Dazzling Flash           Conj/Hex       0%         N/A       92%         3
 Frozen Ramparts          Ice            0%         1d1       92%         3
 Gell's Gravitas          Tloc           0%         N/A       92%         3
 Hailstorm                Conj/Ice       0%         3d5       92%         3
 Mephitic Cloud           Conj/Alch/Air  0%         N/A       92%         3
 Teleport Other           Tloc           0%         N/A       92%         3
 Vampiric Draining        Necr           0%         2d6       92%         3
 Anguish                  Hex/Necr       0%         N/A       100%        4
 Cause Fear               Hex            0%         N/A       100%        4
 Ignite Poison            Fire/Alch      0%         N/A       100%        4
 Martyr's Knell           Necr/Summ      0%         N/A       100%        4
 Sticky Flame             Fire/Alch      0%         2d4       100%        4
 Curse of Agony           Necr           0%         N/A       100%        5
 Iskenderun's Battlesphe  Conj           0%         2d6       100%        5
 Silence                  Hex/Air        0%         N/A       100%        5
 Bombard                  Conj/Erth      0%         9d1       100%        6
 Dispersal                Tloc           0%         N/A       100%        6
 Enfeeble                 Hex            0%         N/A       100%        7
 Spellforged Servitor     Conj/Summ      0%         N/A       100%        7
 Ignition                 Fire           0%         3d3       100%        8


Dungeon Overview and Level Annotations

Branches:
Dungeon (15/15)            Temple (1/1) D:5            Lair (5/5) D:10
  Swamp (3/4) Lair:3        Snake (0/4) Lair:3        Slime (0/5) Lair:5
    Orc (2/2) D:11            Elf (0/3) Orc:2        Vaults (0/5) D:13
 Depths (0/4) D:15        Volcano (visited)

Altars:
Ashenzari
Cheibriados
Dithmenos
Elyvilon
Fedhas
Gozag
Hepliaklqana
Kikubaaqudgha
Makhleb
Nemelex Xobeh
Okawaru
Qazlal
Ru
Sif Muna
Trog
Uskayaw
Vehumet
Wu Jian
Xom
Yredelemnul
Zin
The Shining One
Beogh
Jiyva

Shops:
D:3 !   D:6 :   Orc:2 !=!(

Portals:
Pandemonium: Orc:2

Annotations:
D:9 2 transporters, CumLord's ghost, novice MiFi
D:10 exclusion: obsidian statue
Swamp:1 2 transporters, aor's ghost, adept OpSh


Innate Abilities, Weirdness & Mutations

You are too large for most types of armour.
You have a pair of small horns on your head.
You have tough skin. (AC +1)
You gain doubled healing and magic from potions.
Whenever you drink a healing potion, you attack all around you.


Message History

You miss the spriggan rider.
Your headbutt misses the spriggan rider.
The spriggan rider is lightly wounded.
The spriggan rider hits you with a +0 spear!
You impale the spriggan rider!!
The spriggan rider looks as sick as possible!
You headbutt the spriggan rider.
The spriggan rider is severely wounded.
The bunyip claws you but does no damage. x2
The bunyip claws you!
The spriggan rider hits you with a +0 spear!
You miss the spriggan rider. You headbutt the spriggan rider.
The spriggan rider is almost dead.
You kill the hornet!
Makhleb accepts your kill.
The spriggan falls from its now dead mount.
You barely miss the bunyip. You headbutt the bunyip.
The bunyip is heavily wounded.
You kill the spriggan!
Makhleb accepts your kill.
You completely miss the bunyip.
You headbutt the bunyip, but do no damage.
The bunyip is heavily wounded.
The bunyip claws you.
The bunyip claws you but does no damage.
The bunyip claws you!!
* * * LOW HITPOINT WARNING * * *
You impale the bunyip!! You headbutt the bunyip.
The bunyip is severely wounded.
You hit the bunyip but do no damage.
The bunyip is poisoned.
You headbutt the bunyip.
The bunyip is severely wounded.
You closely miss the bunyip. You headbutt the bunyip.
The bunyip is severely wounded.
You hit the bunyip.
The bunyip is almost dead.
The bunyip claws you!
* * * LOW HITPOINT WARNING * * *
The bunyip claws you!!
You die...

~~~~.♣♣♣♣♣♣..... ~~
~~~~.~♣♣....##....~....
~~~~.♣♣§~~..#.#...~.~.#.
~~~~~~~.~~§.#.#.....~.!.
~~~~~~..~~~.......~....#
~..~~~~...~......~~~....
..~~~~♣.~§...###........
...♣♣♣..♣♣♣..###)x.....#
..~.~.~.♣ ♣.....@......#
♣......~♣♣♣.....###.....
♣~..~♣♣♣♣♣~.....#..# .#.
♣♣~~.~♣ ♣♣......#.#
♣~~~~♣ ♣~.~.......
♣♣~~~§♣ ♣♣.♣♣♣~.~.§♣
♣.~~.♣♣ ♣♣♣ ♣.~~♣♣
♣.~..♣ ♣♣♣♣♣♣♣ ♣♣~.)♣♣♣
♣♣~...~♣


You could see a bunyip (very poisoned).

Vanquished Creatures
  Nikola (Swamp:1)
  Jorgrun (D:14)
  Kirke (D:12)
  An ironbound thunderhulk (D:13)
  An eleionoma (Swamp:1)
  3 bunyips (Swamp:2)
  2 ettins (D:14)
  A fire dragon (Lair:5)
  2 vault guards
  3 centaur warriors
  3 ghost crabs
  10 hydras
  2 ogre magi (D:15)
  4 catoblepae
  6 alligators
  An anaconda (Lair:5)
  3 demonspawn (Orc:2)
  A death knight (D:14)
  2 tengu warriors (D:15)
  4 two-headed ogres
  6 boulder beetles
  A hell hog (Lair:5)
  Sonja (Orc:1)
  A soul eater (Orc:2)
  A spriggan berserker (D:14)
  4 orc high priests (Orc:2)
  A hell knight (Volcano)
  4 skysharks
  A fire crab (shapeshifter) (D:15)
  Lodul (D:14)
  2 goliath frogs
  A deep troll (D:15)
  A spriggan druid (Swamp:1)
  A wolf spider zombie (D:9)
  2 deep elf pyromancers
  2 swamp dragons
  2 bog bodies (Swamp:2)
  6 orc knights
  9 orc sorcerers
  5 cyclopes
  An ugly thing (Volcano)
  17 elephants
  A manticore (D:15)
  Maurice (D:8)
  4 will-o-the-wisps
  4 centaur zombies (D:9)
  4 black mambas
  3 gargoyles
  13 slime creatures
  A guardian serpent (Lair:5)
  2 torpor snails
  A smoke demon (Volcano)
  2 molten gargoyles (Volcano)
  8 cane toads
  An unseen horror (D:12)
  6 rime drakes
  9 komodo dragons
  A kobold demonologist (D:12)
  6 tengu conjurers
  2 red devils
  A bloated husk (Swamp:1)
  11 polar bears
  7 trolls
  8 tyrant leeches
  A hellwing (D:9)
  A queen bee (Lair:3)
  2 hornets (Swamp:3)
  13 blink frogs
  22 dream sheep
  A centaur simulacrum (D:15)
  A meliai zombie (D:9)
  2 spriggans (Swamp:3)
  A shadow (D:10)
  2 wraiths
  A vampire (D:14)
  4 hogs (D:12)
  5 wyverns
  57 yaks
  2 fire bats (Volcano)
  2 humans (D:12)
  8 basilisks
  4 steam dragons
  A chaos spawn (Orc:2)
  2 neqoxecs (Orc:2)
  9 wargs
  3 vampire mosquitoes (D:12)
  16 swamp worms
  16 water moccasins
  4 acid dragons
  16 hell hounds
  Duvessa (D:5)
  A sky beast (D:8)
  2 swamp drakes (Lair:5)
  3 ice beasts
  30 orc warriors
  32 wolves
  4 laughing skulls (D:14)
  13 ogres
  14 black bears
  15 centaurs
  2 phantoms
  2 kobold brigands
  16 bullfrogs
  A gnoll sergeant (D:7)
  5 scorpions
  Dowan (D:5)
  23 killer bees (Lair:3)
  2 howler monkeys
  4 electric eels
  3 bombardier beetles
  6 lava snakes (Volcano)
  5 hounds
  A jelly (D:5)
  2 gnoll boudas
  2 sleepcaps
  19 orc priests
  7 iguanas
  21 orc wizards
  9 gnolls
  8 adders
  4 shadow imps (D:9)
  A white imp (D:6)
  2 dart slugs
  2 ribbon worms
  70 orcs
  5 bats
  6 endoplasms
  5 giant cockroaches
  11 goblins
  8 hobgoblins
  4 jackals
  17 kobolds
  3 quokkas
  4 ball pythons
  A frilled lizard (D:3)
  7 rats
818 creatures vanquished.

Vanquished Creatures (collateral kills)
  A skyshark (Lair:2)
  An elephant (Lair:3)
  A black mamba (Lair:3)
  A cane toad (Lair:2)
  A rime drake (Lair:5)
  An acid dragon (Lair:5)
  2 water moccasins (Lair:2)
  2 wolves (Lair:5)
  An orc priest (Orc:2)
  An iguana (Lair:5)
12 creatures vanquished.

Vanquished Creatures (others)
  A bunyip (Swamp:1)
  A bog body (Swamp:1)
  2 bloated husks
  20 foxfires
24 creatures vanquished.

Grand Total: 854 creatures vanquished

Notes
Turn   | Place    | Note
-------+----------+-------------------------------------------
     0 | D:1      | Toastz the Oni Gladiator began the quest for the Orb.
     0 | D:1      | Reached XP level 1. HP: 22/22 MP: 1/1
    88 | D:1      | Reached XP level 2. HP: 29/29 MP: 2/2
   258 | D:1      | Found a faded altar of an unknown god.
  1175 | D:2      | Reached XP level 3. HP: 28/37 MP: 3/3
  1207 | D:2      | Found an ancient bone altar of Kikubaaqudgha.
  2065 | D:2      | Identified the +3 short sword of Piabijur {flame, ^Fragile
                  | rF++ rC+ rN+}
  2105 | D:2      | Reached skill level 4 in Maces & Flails
  2112 | D:2      | Reached XP level 4. HP: 45/45 MP: 4/4
  2346 | D:3      | Found Nintonge's Distillery.
  2368 | D:3      | Bought a potion of heal wounds for 65 gold pieces
  2798 | D:3      | Found a shadowy altar of Dithmenos.
  2850 | D:4      | Reached XP level 5. HP: 54/54 MP: 5/5
  2902 | D:4      | Noticed a phantom
  2931 | D:4      | Killed a phantom
  3147 | D:4      | Identified the +3 trident "Qoynomeb" {freeze, *Rage *Noise
                  | MP+9 Str+5}
  3365 | D:4      | Reached skill level 5 in Maces & Flails
  3411 | D:4      | Reached XP level 6. HP: 63/63 MP: 6/6
  3766 | D:5      | Entered Level 5 of the Dungeon
  3827 | D:5      | Found a staircase to the Ecumenical Temple.
  3846 | Temple   | Entered the Ecumenical Temple
  3904 | Temple   | Became a worshipper of Makhleb the Destroyer
  3930 | D:5      | Reached skill level 5 in Fighting
  3936 | D:5      | Reached XP level 7. HP: 64/72 MP: 7/7
  4074 | D:5      | Reached skill level 6 in Maces & Flails
  4159 | D:5      | You fall into a shaft and drop 2 floors!
  4320 | D:7      | Reached XP level 8. HP: 41/84 MP: 8/8
  4382 | D:7      | Reached skill level 7 in Maces & Flails
  4416 | D:7      | Reached skill level 5 in Dodging
  4442 | D:7      | Found a stormy altar of Qazlal.
  4466 | D:6      | Found Qeng's Self-Improvement Boutique.
  4586 | D:5      | Reached skill level 8 in Maces & Flails
  4722 | D:5      | Noticed Duvessa
  4725 | D:5      | Noticed Dowan
  4739 | D:5      | Killed Duvessa
  4747 | D:5      | Killed Dowan
  4803 | D:5      | Reached XP level 9. HP: 94/94 MP: 9/9
  5358 | D:6      | Found a blossoming altar of Fedhas.
  5611 | D:6      | Reached * piety under Makhleb
  5612 | D:6      | Reached skill level 9 in Maces & Flails
  5667 | D:6      | Found a sparkling altar of Nemelex Xobeh.
  5858 | D:6      | Found a shimmering altar of Xom.
  6558 | D:7      | Found a snail-covered altar of Cheibriados.
  6870 | D:8      | Reached skill level 10 in Maces & Flails
  6870 | D:8      | Reached ** piety under Makhleb
  6961 | D:8      | Noticed Maurice
  6965 | D:8      | Something stole the +3 trident "Qoynomeb" {freeze, *Rage
                  | *Noise MP+9 Str+5}
  6966 | D:8      | Something stole an amulet of reflection
  7095 | D:8      | Reached XP level 10. HP: 106/107 MP: 10/10
  7253 | D:8      | Found a hazy altar of Hepliaklqana.
  7393 | D:8      | Killed Maurice
  7684 | D:8      | Reached skill level 10 in Fighting
  7684 | D:8      | Reached skill level 1 in Armour
  7712 | D:9      | Reached skill level 11 in Maces & Flails
  7839 | D:9      | Reached skill level 12 in Maces & Flails
  7839 | D:9      | Reached XP level 11. HP: 115/120 MP: 11/11
  8037 | D:9      | Found a glowing silver altar of Zin.
  8037 | D:9      | Noticed an angel
  8395 | D:9      | Noticed CumLord's ghost (novice MiFi)
  8398 | D:9      | Found a transporter.
  8398 | D:9      | Found a transporter.
  8533 | D:9      | Found a glowing golden altar of the Shining One.
  8555 | D:10     | Entered Level 10 of the Dungeon
  8589 | D:10     | Reached *** piety under Makhleb
  8623 | D:10     | Found an iron altar of Okawaru.
  8741 | D:10     | Found a staircase to the Lair.
  8909 | D:10     | Noticed an obsidian statue
  9131 | D:10     | Found an opulent altar of Gozag.
  9673 | Lair:1   | Entered Level 1 of the Lair of Beasts
  9815 | Lair:1   | Reached skill level 13 in Maces & Flails
  9827 | Lair:1   | Reached skill level 5 in Armour
 10042 | Lair:1   | Reached **** piety under Makhleb
 10048 | Lair:1   | Reached skill level 1 in Invocations
 10218 | Lair:1   | Found a dark tunnel.
 10223 | Volcano  | Entered a volcano
 10306 | Volcano  | Reached XP level 12. HP: 121/133 MP: 13/13
 10619 | Volcano  | Found a burning altar of Makhleb.
 10636 | Volcano  | Noticed a hell knight
 10646 | Volcano  | Killed a hell knight
 10827 | Volcano  | Reached skill level 14 in Maces & Flails
 11444 | Lair:2   | Noticed a skyshark
 11452 | Lair:2   | Killed a skyshark
 11602 | Lair:2   | Noticed a catoblepas
 11626 | Lair:2   | Killed a catoblepas
 11752 | Lair:2   | Reached skill level 5 in Invocations
 12133 | Lair:2   | You fall into a shaft and drop 2 floors!
 12185 | Lair:2   | Reached skill level 15 in Maces & Flails
 12321 | Lair:2   | Reached XP level 13. HP: 145/145 MP: 16/16
 13326 | Lair:3   | Reached skill level 16 in Maces & Flails
 13462 | Lair:3   | Found a staircase to the Snake Pit.
 13610 | Lair:3   | Found a staircase to the Swamp.
 13613 | Lair:3   | Reached skill level 15 in Fighting
 14075 | Lair:3   | Reached XP level 14. HP: 150/159 MP: 17/17
 14302 | Lair:3   | Reached ***** piety under Makhleb
 14588 | Lair:4   | Reached skill level 17 in Maces & Flails
 15594 | Lair:5   | Entered Level 5 of the Lair of Beasts
 16427 | Lair:5   | Reached ****** piety under Makhleb
 16521 | Lair:5   | Reached skill level 18 in Maces & Flails
 16709 | Lair:5   | Found a viscous altar of Jiyva.
 16720 | Lair:5   | Found a staircase to the Slime Pits.
 16873 | Lair:5   | Got the Spellbook of Mischance and Electrocution
 16995 | Lair:5   | Reached XP level 15. HP: 154/171 MP: 19/19
 17008 | Lair:5   | Reached skill level 10 in Armour
 17680 | D:11     | Found a staircase to the Orcish Mines.
 17732 | D:11     | Found a roughly hewn altar of Beogh.
 18275 | Orc:1    | Entered Level 1 of the Orcish Mines
 18275 | Orc:1    | Noticed Sonja
 18320 | Orc:1    | Killed Sonja
 18534 | Orc:2    | Entered Level 2 of the Orcish Mines
 19059 | Orc:2    | Found Zudulets's Distillery.
 19197 | Orc:2    | Found Sec Keach's Distillery.
 19246 | Orc:2    | Bought a potion of ambrosia for 120 gold pieces
 19248 | Orc:2    | Bought a potion of ambrosia for 136 gold pieces
 19248 | Orc:2    | Bought a potion of ambrosia for 136 gold pieces
 19303 | Orc:2    | Found a roughly hewn altar of Beogh.
 19453 | Orc:2    | Found a staircase to the Elven Halls.
 19680 | Orc:2    | HP: 1/174 [sixfirhy[an orc sorcerer] (9)]
 19841 | Orc:2    | Found Quhoez's Antique Weapon Shop.
 19841 | Orc:2    | Found Velooll's Jewellery Boutique.
 19842 | Orc:2    | Found a one-way gate leading to the halls of Pandemonium.
 20185 | D:12     | Noticed Kirke
 20191 | D:12     | Reached skill level 19 in Maces & Flails
 20203 | D:12     | Killed Kirke
 21188 | D:13     | Reached XP level 16. HP: 184/184 MP: 22/22
 21742 | D:13     | Found a gate to the Vaults.
 21928 | D:14     | Noticed Lodul
 22035 | D:14     | Killed Lodul
 22142 | D:14     | Noticed Jorgrun
 22156 | D:14     | Killed Jorgrun
 22890 | D:14     | Found the +8 pair of quick blades "Gyre" and "Gimble"
                  | {protect}
 23087 | D:15     | Entered Level 15 of the Dungeon
 23682 | D:15     | Found a staircase to the Depths.
 24069 | Swamp:1  | Entered Level 1 of the Swamp
 24158 | Swamp:1  | Found a transporter.
 24166 | Swamp:1  | Noticed aor's ghost (adept OpSh)
 24591 | Swamp:1  | Found a transporter.
 24640 | Swamp:2  | Noticed Nikola
 24668 | Swamp:1  | Killed Nikola
 24773 | Swamp:2  | Reached skill level 20 in Maces & Flails
 24778 | Swamp:2  | Reached skill level 10 in Invocations
 25207 | Swamp:2  | Reached XP level 17. HP: 159/194 MP: 24/24
 25841 | Swamp:3  | Slain by a bunyip

Illustrated notes

Levels and vault maps discovered:
D:1:      kennysheep_arrival_forest, layout_basic,
          ebering_ecumenical_altar_rust, chequers_serial_rivers_marsh
D:2:      layout_basic, basic_altar, chequers_serial_rivers_micro_c,
          hangedman_decor_opposing, minmay_goblin_outpost
D:3:      layout_basic, general_overflow_altar, serial_shops,
          nicolae_shop_advertising_works [nicolae_subvault_shop_adworks],
          hangedman_decor_diamond_cutter
D:4:      layout_basic
D:5:      layout_basic, minmay_temple_entry_junction_2,
          minmay_misc_feat_columns, minmay_holes, uniq_duvessa
D:6:      layout_loops_ring, mainiacjoe_overflow_brackets,
          nemelex_dance_club_becter, fedhas_bush_and_centaur_altar, st_stairs_5,
          nicolae_shop_self_help
D:7:      layout_basic, mainiacjoe_overflow_concentric_impassable,
          nicolae_overflow_hidden_temple
D:8:      layout_basic, nicolae_hepliaklqana_hippocampus, uniq_maurice
D:9:      cheibrodos_grave_circle, layout_loops_ring, tso_oasis_becter,
          zin_angel, gammafunk_ghost_smash
D:10:     layout_stronghold, mainiacjoe_overflow_six_doors_small,
          mainiacjoe_overflow_catwalk, minmay_lair_entry_grove, minivault_16,
          nicolae_zig_zag_zippers
D:11:     layout_loops_ring, minmay_orc_entry_temple_small
D:12:     layout_basic, serial_co_window_serial, co_window_corner_a,
          co_window_corner_a, co_window_of_opportunity_a, co_window_corner_a,
          co_window_paths_a, co_window_cross_2, co_window_broadway_a,
          co_window_corner_cb, co_window_corner_b, co_window_of_opportunity_b,
          glass_columns_a, glass_columns_b, kennysheep_generic_room_7,
          uniq_kirke
D:13:     layout_gridville, hellmonk_vaults_keyhole
D:14:     layout_grid_maze, serial_rivers, chequers_serial_rivers_marsh,
          chequers_serial_rivers_micro_a, chequers_serial_rivers_micro_b,
          chequers_serial_rivers_micro_d, chequers_serial_rivers_small_3,
          chequers_serial_rivers_micro_e,
          hellmonk_guarded_unrand_gyre_and_gimble, uniq_lodul, uniq_jorgrun
D:15:     hangedman_depths_entry_civil_slaughter, layout_basic, nicolae_sextant,
          st_stairs_13, minivault_1
Temple:   nicolae_temple_bog_church
Lair:1:   layout_loops_ring, nicolae_volcano_entry_s_turn
Lair:2:   cheibrodos_lair_river_kwai, layout_layer_cave
Lair:3:   nzn_winding_woodlands_large [nzn_winding_woodlands_5x5_cross,
          nzn_winding_woodlands_5x15_eye, nzn_winding_woodlands_5x5_closed_star,
          nzn_winding_woodlands_center_lodge,
          nzn_winding_woodlands_15x15_five_gardens,
          nzn_winding_woodlands_center_triple_pond,
          nzn_winding_woodlands_5x5_default,
          nzn_winding_woodlands_5x15_river_crossing,
          nzn_winding_woodlands_5x5_checkerboard], layout_concentric_octagons,
          nicolae_swamp_entry_splash_gauntlet, minmay_snake_entry_spellcaster,
          special_room [special_room_bee]
Lair:4:   layout_gridlike, grunt_megastairs_2, serial_bayou_shore_a
Lair:5:   hangedman_lair_caniforms_friends, layout_small_grid,
          guppyfry_lair_end_dragon, slime_entry_1,
          chequers_serial_rivers_micro_d, dreamdust_gnoll_shepherd,
          lemuel_fruit_tree, infiniplex_staircase_pool_2
Swamp:1:  layout_basic_swamp, gammafunk_ghost_mausoleum,
          hangedman_swamp_ruin_hall, swamp_pool_1_2
Swamp:2:  layout_basic_swamp, nicolae_swamp_little_tower,
          nicolae_swamp_tree_isthmus, infiniplex_staircase_pool, uniq_nikola
Swamp:3:  layout_basic_swamp, evilmike_swamp_ruin_rubble_2
Orc:1:    layout_diamond_mine, uniq_sonja
Orc:2:    pf_orc_diabolical, layout_caves, mines2_david

Skill      XL: |  1  2  3  4  5  6  7  8  9 10 11 12 13 14 15 16 |
---------------+-------------------------------------------------+-----
Fighting       | 3 4 5 6 7 9 11 12 13 15 16 17 18 | 18.7
Dodging        | 3 4 5 6 7 9 |  9.2
Maces & Flails | 4 5 6 8 10 12 13 15 16 18 19 20 | 20.3
Armour         | 3 5 7 8 9 10 11 | 11.8
Invocations    | 1 5 6 8 10 | 10.0
Throwing       | |  2.0

Action                     |  1- 3 |  4- 6 |  7- 9 | 10-12 | 13-15 | 16-18 || total
---------------------------+-------+-------+-------+-------+-------+-------++-------
  Melee: Flail             |   123 |   113 |   177 |       |       |       ||   413
         Headbutt          |    12 |    20 |    57 |    94 |   249 |    70 ||   502
         Great mace        |       |    25 |       |       |    38 |       ||    63
         Trident           |       |     5 |       |       |       |       ||     5
         Giant club        |       |       |   129 |   455 |   850 |       ||  1434
         Giant spiked club |       |       |       |       |   348 |   375 ||   723
  Throw: Large rock        |       |       |       |     1 |     2 |       ||     3
         Javelin           |       |       |       |       |     4 |       ||     4
         Boomerang         |       |       |       |       |       |     6 ||     6
 Invoke: Lesser Servant of |       |       |       |     2 |     8 |       ||    10
         Major Destruction |       |       |       |     1 |     1 |       ||     2
         Minor Destruction |       |       |       |       |       |    10 ||    10
  Evoke: Wand              |       |       |       |     1 |     1 |       ||     2
    Use: Scroll            |       |       |    11 |     6 |    17 |     9 ||    43
         Potion            |       |       |       |       |     4 |       ||     4
   Stab: Sleeping          |     1 |     1 |       |       |       |       ||     2
         Paralysed         |       |       |       |     3 |       |       ||     3
         Distracted        |       |       |       |       |     1 |       ||     1
         Petrified         |       |       |       |       |     1 |       ||     1
 Armour: Robe              |   110 |   101 |   290 |     1 |       |       ||   502
         Acid dragon scale |       |       |       |   531 |   980 |       ||  1511
         Fire dragon scale |       |       |       |       |   697 |   506 ||  1203
  Dodge: Dodged            |    80 |    74 |   161 |   234 |   823 |   189 ||  1561

Table legend: (Time is in decaauts)
 A = Elapsed time spent in this place.
 B = Non-inter-level travel time spent in this place.
 C = Inter-level travel time spent in this place.
 D = Time resting spent in this place.
 E = Time spent auto-exploring this place.
 F = Levels seen in this place.
 G = Mean time per level.
                   A        B        C        D        E       F      G
               +--------+--------+--------+--------+--------+-----+--------+
         Total |  25674 |  24224 |   1450 |   2106 |  16435 |  27 |  950.9 |
       Dungeon |  14324 |  13433 |    891 |    588 |  10235 |  15 |  954.9 |
        Temple |     69 |     53 |     16 |      0 |      0 |   1 |   69.0 |
          Lair |   7130 |   6741 |    389 |    889 |   3825 |   5 | 1426.0 |
         Swamp |   1744 |   1694 |     50 |    233 |   1132 |   3 |  581.3 |
  Orcish Mines |   1715 |   1612 |    103 |    308 |    797 |   2 |  857.5 |
       Volcano |    689 |    689 |      0 |     88 |    446 |   1 |  689.0 |
               +--------+--------+--------+--------+--------+-----+--------+

Top non-repeatable levels by time:
  Lair:5: 1678 daAuts
  Lair:3: 1551 daAuts
  Lair:2: 1536 daAuts
  Lair:4: 1280 daAuts
    D:12: 1232 daAuts
    D:10: 1215 daAuts
   Orc:2: 1206 daAuts
     D:2: 1178 daAuts
     D:5: 1161 daAuts
  Lair:1: 1084 daAuts
    D:14: 1082 daAuts
     D:1: 1065 daAuts
     D:7: 991 daAuts
     D:4: 947 daAuts
     D:8: 892 daAuts
